 Dungeon Crawl Stone Soup version 0.25-a0-316-gd28d56f9c5 (webtiles) character file.

Game seed: 17724862107972189049, levelgen mode: classic

2308 Borgoz the Chopper (level 9, -4/56 HPs)
             Began as a Gargoyle Berserker on Dec 24, 2019.
             Was an Elder of Trog.
             Slain by an orc warrior
             ... wielding a +0 scimitar
              (20 damage)
             ... on level 6 of the Dungeon.
             The game lasted 00:12:21 (6741 turns).

Borgoz the Chopper (Gargoyle Berserker)             Turns: 6741, Time: 00:12:22

Health: -4/56      AC: 18    Str: 21    XL:     9   Next: 41%
Magic:  9/9        EV: 13    Int:  8    God:    Trog [****..]
Gold:   301        SH:  0    Dex: 12    Spells: 8/8 levels left

rFire    + . .     SeeInvis .   a - +1 hand axe
rCold    . . .     Gourm    .   (no shield)
rNeg     + . .     Faith    .   E - +1 scale mail {rF+}
rPois    ∞         Spirit   .   n - +0 helmet
rElec    +         Reflect  .   s - +1 cloak
rCorr    .         Harm     .   (no gloves)
MR       +....                  (no boots)
Stlth    ..........             (no amulet)
HPRegen  0.18/turn              i - ring of protection from magic
MPRegen  0.11/turn              w - ring of attention (curse)

@: no status effects
A: negative energy resistance 1, electricity resistance, unbreathing,
petrification resistance, rot immunity, AC +6
a: Berserk, Trog's Hand, Brothers in Arms, Renounce Religion


You were on level 6 of the Dungeon.
You worshipped Trog.
Trog was greatly pleased with you.
You were not hungry.

You visited 1 branch of the dungeon, and saw 7 of its levels.
You also visited: Sewer.

You collected 301 gold pieces.

Inventory:

Hand Weapons
 a - a +1 hand axe (weapon)
 b - a +0 dire flail of crushing
 x - a +0 war axe
Armour
 n - a +0 helmet (worn)
 s - a +1 cloak (worn)
 E - a +1 scale mail of fire resistance (worn)
Jewellery
 i - a ring of protection from magic (left hand)
 k - an uncursed ring of protection from cold
 w - a cursed ring of attention (right hand)
Wands
 t - a wand of clouds (4)
 u - a wand of paralysis (6)
Scrolls
 d - 3 scrolls of fog
 e - a scroll of magic mapping
 f - 6 scrolls of teleportation
 o - 2 scrolls of amnesia {unknown}
 q - a scroll of enchant armour {unknown}
 r - a scroll of remove curse
 v - 3 scrolls of identify
 D - a scroll of fear {unknown}
Potions
 g - 3 potions of resistance
 h - 2 potions of curing
 l - 5 potions of brilliance {unknown}
 m - 3 potions of flight
 p - 2 potions of heal wounds
 A - a potion of invisibility
 B - a potion of might
 C - a potion of mutation
Comestibles
 c - 9 rations
 j - 3 chunks of flesh


   Skills:
 + Level 6.4 Fighting
 * Level 7.0 Axes
 + Level 5.9 Armour
 * Level 6.1 Dodging


You had 8 spell levels left.
You didn't know any spells.
Your spell library was empty.

Dungeon Overview and Level Annotations

Branches:
Dungeon (7/15)             Temple (0/1) D:6           Sewer (visited)

Altars:
Elyvilon
Gozag
Kikubaaqudgha
Ru
Trog
Vehumet
Xom

Shops:
D:6 [

Annotations:
D:5 2 transporters, treziel's ghost, novice GrFi


Innate Abilities, Weirdness & Mutations

You are resistant to torment.
Your stone body is resilient. (AC +6)
You are immune to poison.
You resist negative energy. (rN+)
You are resistant to electric shocks. (rElec)
You can survive without breathing.
You are immune to petrification.
You are immune to rotting.


Message History

You are too injured to fight recklessly!
You are too injured to fight recklessly!
You are too injured to fight recklessly!
You are too injured to fight recklessly!
You are too injured to fight recklessly!
You are too injured to fight recklessly!
You are too injured to fight recklessly!
You are too injured to fight recklessly!
You are too injured to fight recklessly!
You are too injured to fight recklessly!
You closely miss the orc warrior.
The orc warrior is moderately wounded.
You hit the orc warrior but do no damage.
The orc warrior is moderately wounded.
The orc warrior hits you with a +0 scimitar.
* * * LOW HITPOINT WARNING * * *
You hit the orc warrior but do no damage.
The orc warrior is moderately wounded.
The orc warrior hits you with a +0 scimitar!!
You die...

....###...........#.....####..###
##...#..........#######..>...##
#...#..........# ##.....##
#.#.........#### ##....#.#
#..#.....#### #..##.#.#####
##.#..#.## ##.###.#......
##.......# #..##.<...####
#...<....###########.#...#.......
...............o@>)..............
#####...#...########.#####.......
##.#.###..# ###..# ###.##..
###..#.# ##.# #...## #.####
#......# #.# #.### #.###
##.[.#### #.## #.# #...## .....#
#..###.# ###... .....# ##.....#
#### .....# ##....#


You could see an orc warrior.

Vanquished Creatures
  Sigmund (D:6)
  Edmund (D:6)
  2 ice beasts (D:6)
  An ogre (D:6)
  3 centaurs
  3 bullfrogs (D:6)
  5 scorpions
  A centaur zombie (D:6)
  A bullfrog zombie (D:6)
  3 hounds
  7 orc priests
  2 jellies (D:5)
  3 orc wizards
  A gnoll shaman (D:5)
  Jessica (D:2)
  An iguana (D:5)
  2 worker ants (D:4)
  A killer bee zombie (D:6)
  A hound zombie (D:6)
  A worker ant zombie (D:6)
  10 gnolls
  10 adders
  6 oozes
  2 adder zombies (D:6)
  10 worms
  5 dart slugs
  3 leopard geckos
  25 orcs
  A ball python (D:2)
  8 giant cockroaches
  8 goblins
  7 hobgoblins
  4 jackals (Sewer)
  7 kobolds
  A quokka (D:5)
  23 bats
  11 frilled lizards
  A giant cockroach zombie (D:5)
  6 rats
  3 fungi (D:4)
192 creatures vanquished.

Notes
Turn   | Place    | Note
-------+----------+-------------------------------------------
     0 | D:1      | Borgoz the Gargoyle Berserker began the quest for the Orb.
     0 | D:1      | Reached XP level 1. HP: 14/14 MP: 1/1
   396 | D:1      | Reached XP level 2. HP: 16/19 MP: 2/2
   475 | D:1      | Reached skill level 3 in Axes
   789 | D:1      | Reached XP level 3. HP: 20/23 MP: 3/3
  1570 | D:2      | Noticed Jessica
  1591 | D:2      | Found a radiant altar of Vehumet.
  1642 | D:2      | Reached ** piety under Trog
  1650 | D:2      | Reached XP level 4. HP: 11/29 MP: 4/4
  1859 | D:2      | Found an ancient bone altar of Kikubaaqudgha.
  2161 | D:2      | Killed Jessica
  2173 | D:2      | Reached XP level 5. HP: 31/33 MP: 5/5
  2880 | D:2      | Reached skill level 4 in Axes
  2880 | D:2      | Reached XP level 6. HP: 37/38 MP: 6/6
  3257 | D:3      | Found a bloodstained altar of Trog.
  3427 | D:4      | Reached *** piety under Trog
  3625 | D:4      | Reached XP level 7. HP: 41/44 MP: 7/7
  4057 | D:5      | Entered Level 5 of the Dungeon
  4062 | D:5      | Found a white marble altar of Elyvilon.
  4079 | D:5      | Reached skill level 5 in Axes
  4100 | D:5      | Reached skill level 5 in Fighting
  4100 | D:5      | Reached XP level 8. HP: 49/49 MP: 8/8
  4137 | D:5      | Found an opulent altar of Gozag.
  4637 | D:5      | Found a transporter.
  4637 | D:5      | Found a transporter.
  4637 | D:5      | Noticed treziel's ghost (novice GrFi)
  4742 | D:5      | Found a sacrificial altar of Ru.
  4937 | D:6      | Found a staircase to the Ecumenical Temple.
  4972 | D:6      | Reached skill level 5 in Armour
  4972 | D:6      | Reached skill level 5 in Dodging
  4977 | D:6      | Reached skill level 6 in Axes
  5080 | D:6      | Found a glowing drain.
  5123 | Sewer    | Entered a sewer
  5139 | Sewer    | Reached **** piety under Trog
  5735 | D:6      | Noticed Edmund
  5749 | D:6      | Killed Edmund
  5749 | D:6      | Reached XP level 9. HP: 55/55 MP: 9/9
  6229 | D:6      | Found a shimmering altar of Xom.
  6259 | D:6      | Found Toododd's Armour Boutique.
  6523 | D:6      | Noticed Sigmund
  6533 | D:6      | Killed Sigmund
  6705 | D:6      | Reached skill level 7 in Axes
  6741 | D:6      | Slain by an orc warrior

Levels and vault maps discovered:
D:1:      nicolae_arrival_memento_mori, layout_loops_corners,
          serial_bayou_pond_d
D:2:      layout_basic, nicolae_overflow_crystal_walls, vehumet_crystals,
          uniq_jessica
D:3:      layout_basic, lemuel_crystal_altar, first_ration,
          ebering_dispersal_statue_hall, minmay_misc_feat_ornament
D:4:      old_forge, layout_cave_pools
D:5:      layout_loops_ring, lemuel_round_altar, lemuel_round_altar,
          nicolae_gozag_seed_capital, gammafunk_ghost_mausoleum
D:6:      layout_rooms, lemuel_doored_altar, minmay_temple_entry_tees,
          portal_sewer_entry_d, serial_shops, shop, sigmund_edmund_badplayer
D:7:      layout_rooms, lemuel_crystal_altar, marbit_many_paths,
          lemuel_round_altar

Skill      XL: |  1  2  3  4  5  6  7  8  9 |
---------------+----------------------------+-----
Axes           | 3 4 5 6 7 |  7.0
Dodging        | 2 3 4 5 6 |  6.1
Armour         | 3 4 5 |  5.9
Fighting       | 4 5 6 |  6.4

Action                   |  1- 3 |  4- 6 |  7- 9 || total
-------------------------+-------+-------+-------++-------
Melee: Mace              |   106 |    77 |       ||   183
       Hand axe          |       |   149 |   575 ||   724
Invok: Berserk           |     1 |     1 |     5 ||     7
       Trog's Hand       |       |       |     4 ||     4
  Use: Scroll            |     4 |     3 |     6 ||    13
       Potion            |       |       |     2 ||     2
 Stab: Held in net/web   |       |       |     2 ||     2
  Eat: Chunk             |     3 |     8 |    17 ||    28
Armor: Animal skin       |    25 |     5 |       ||    30
       Plate armour      |       |   183 |   349 ||   532
       Scale mail        |       |       |    75 ||    75
Dodge: Dodged            |    69 |   113 |   290 ||   472

Table legend:
 A = Non-vault XP
 B = Vault XP
 C = Vault XP percentage of total XP
 D = Non-vault monster count
 E = Vault monster count
 F = Vault count percentage of total count
                 A         B        C        D         E       F
            +---------+---------+-------+---------+---------+-------
      Total |    2546 |     752 |  22.8 |     147 |      42 |  22.2
            +---------+---------+-------+---------+---------+-------
        D:1 |      53 |       0 |   0.0 |      20 |       0 |   0.0
        D:2 |     226 |      37 |  14.1 |      34 |       1 |   2.9
        D:3 |     144 |       0 |   0.0 |      18 |       0 |   0.0
        D:4 |     218 |     232 |  51.6 |      14 |      13 |  48.1
        D:5 |     649 |       0 |   0.0 |      31 |       0 |   0.0
        D:6 |    1256 |     404 |  24.3 |      30 |       3 |   9.1
      Sewer |       0 |      79 | 100.0 |       0 |      25 | 100.0
            +---------+---------+-------+---------+---------+-------
